 Dungeon Crawl Stone Soup version 0.31-a0-149-g3fdcc5976a (webtiles) character file.

Game seed: 17952200582228703298

876 CowFu the Zephyrmancer (level 7, 0/37 HPs)
             Began as a Deep Elf Air Elementalist on June 7, 2023.
             Was an Initiate of Vehumet.
             Killed by their own static electricity (2 damage)
             ... on level 5 of the Dungeon.
             The game lasted 00:08:43 (5580 turns).

CowFu the Zephyrmancer (Deep Elf Air Elementalist)  Turns: 5580, Time: 00:08:43

Health: 0/37       AC:  3    Str:  5    XL:     7   Next: 74%
Magic:  6/22       EV: 13    Int: 22    God:    Vehumet [......]
Gold:   325        SH:  0    Dex: 15    Spells: 2/12 levels left

rFire   . . .        z - +4 quarterstaff (chaos)
rCold   . . .        (shield currently unavailable)
rNeg    . . .        a - +0 robe
rPois   .            (no helmet)
rElec   .            A - +0 cloak
rCorr   .            (no gloves)
SInv    .            (no boots)
Will    .....        c - amulet of regeneration
Stlth   ++           x - ring of magical power
HPRegen 1.06/turn    o - ring of flight
MPRegen 0.18/turn

%: no passive effects
@: marked, flying
A: no striking features
a: Renounce Religion


You were on level 5 of the Dungeon.
You worshipped Vehumet.
Vehumet was noncommittal.
You visited 2 branches of the dungeon, and saw 6 of its levels.

You collected 325 gold pieces.

Inventory:

Hand Weapons
 d - a +0 whip
 e - a +2 whip of electrocution
 z - a +4 quarterstaff of chaos (weapon)
Missiles
 u - 3 throwing nets
Armour
 a - a +0 robe (worn)
 A - a +0 cloak (worn)
Magical Staves
 t - the staff of fire "Zaurux" {rF+ Will+}
   (You found it on level 4 of the Dungeon)

   [staff of fire]

   Base accuracy: +5 Base damage: 5 Base attack delay: 1.2 This weapon's minimum
   attack delay (0.6) is reached at skill level 12.
   rF:        It protects you from fire.
   Will:      It increases your willpower.
   It falls into the 'Staves' category.
   It is a one-handed weapon.
Jewellery
 c - an amulet of regeneration (around neck)
 k - a ring of protection from fire
 o - a ring of flight (right hand)
 x - a ring of magical power (left hand)
Wands
 v - a wand of light (12)
 D - a wand of polymorph (9)
Scrolls
 f - 4 scrolls of immolation {unknown}
 h - 2 scrolls of vulnerability {unknown}
 i - a scroll of acquirement {unknown}
 j - 2 scrolls of noise {unknown}
 n - 4 scrolls of identify
 s - 3 scrolls of fear {unknown}
 w - 2 scrolls of enchant armour {unknown}
 y - a scroll of enchant weapon {unknown}
 B - 2 scrolls of poison {unknown}
Potions
 b - a potion of magic
 g - 2 potions of heal wounds
 l - a potion of curing
 m - 4 potions of mutation
 p - 4 potions of brilliance {unknown}
 q - a potion of attraction {unknown}
 r - a potion of cancellation {unknown}
 C - a potion of haste {unknown}


   Skills:
 + Level 0.9 Fighting
 + Level 3.0 Dodging
 - Level 2.4 Stealth
 - Level 3.0 Spellcasting
 - Level 1.1 Conjurations
 + Level 9.1 Air Magic


You had 2 spell levels left.
You knew the following spells:

 Your Spells              Type           Power      Damage    Failure   Level
a - Shock                 Conj/Air       100%       1d9       1%          1
b - Static Discharge      Conj/Air       50%        2-5/arc   2%          2
c - Swiftness             Air            43%        N/A       1%          3
d - Airstrike             Air            21%        2d(4-20)  2%          4

Your spell library contained the following spells:

 Spells                   Type           Power      Damage    Failure   Level
 Slow                     Hex            12%        N/A       12%         1
 Confusing Touch          Hex            3%         N/A       36%         3
 Vampiric Draining        Necr           3%         2d6       36%         3


Dungeon Overview and Level Annotations

Branches:
Dungeon (5/15)             Temple (1/1) D:5

Altars:
Ashenzari
Cheibriados
Dithmenos
Elyvilon
Gozag
Hepliaklqana
Kikubaaqudgha
Makhleb
Nemelex Xobeh
Qazlal
Ru
Sif Muna
Trog
Uskayaw
Vehumet
Wu Jian
Yredelemnul
Zin
The Shining One

Shops:
D:1 (

Annotations:
D:4 2 transporters


Message History

* * * LOW HITPOINT WARNING * * *
The gnoll hits you with a +0 flail.
* * * LOW HITPOINT WARNING * * *
Casting: Static Discharge (safe; 2% risk of failure)
Confirm with . or Enter, or press ? or * to list all spells.
The gnoll is struck by an arc of lightning.
The gnoll is heavily wounded.
The gnoll is struck by an arc of lightning.
The gnoll is severely wounded.
The lightning grounds out.
The gnoll is struck by an arc of lightning.
The gnoll is severely wounded.
The gnoll is struck by an arc of lightning.
You kill the gnoll!
Vehumet accepts your kill.
The gnoll is struck by an arc of lightning.
You kill the gnoll!
Vehumet accepts your kill.
You are struck by an arc of lightning.
* * * LOW HITPOINT WARNING * * *
The lightning grounds out.
The iguana closely misses you.
Your Dodging skill increases to level 3!
Casting: Static Discharge (safe; 2% risk of failure)
Confirm with . or Enter, or press ? or * to list all spells.
The iguana is struck by an arc of lightning.
The iguana is severely wounded.
You are struck by an arc of lightning.
* * * LOW HITPOINT WARNING * * *
The lightning grounds out.
The iguana barely misses you.
Casting: Static Discharge (safe; 2% risk of failure)
Confirm with . or Enter, or press ? or * to list all spells.
The iguana is struck by an arc of lightning.
The iguana is almost dead.
You are struck by an arc of lightning.
* * * LOW HITPOINT WARNING * * *
The iguana is struck by an arc of lightning.
You kill the iguana!
Vehumet accepts your kill.
You are struck by an arc of lightning.
You die...

.# ... #.....## #... .#
### ########......# #...
.# #......)))....# #...
.# #.......#.)...# ##...
+# #.......#..†..# #....
#.......#.....# ##....
#.....).#....†###.....
#.#.......#####.....##..
#.'..))@..# ###..#..#.
#.#...)...# ##.#....
..........# #..#...
....#.#....# #.....>
....#......# ####..##..
#. ........ .....#..#. #
####.##########....#.
#.. .........#..
######.....


There were no monsters in sight!

Vanquished Creatures
  A bullfrog (D:4)
  A scorpion (D:5)
  2 howler monkeys
  An orc priest (D:3)
  Crazy Yiuf (D:3)
  3 hounds
  A gnoll bouda (D:3)
  2 iguanas (D:5)
  An orc wizard (D:5)
  30 gnolls
  An adder (D:3)
  A worm (D:5)
  A dart slug (D:1)
  28 orcs
  2 bats
  9 endoplasms
  A giant cockroach (D:1)
  7 goblins
  6 hobgoblins
  14 jackals (D:3)
  2 quokkas (D:5)
  8 ball pythons
  12 kobolds
  5 rats
140 creatures vanquished.

Notes
Turn   | Place    | Note
-------+----------+-------------------------------------------
     0 | D:1      | CowFu the Deep Elf Air Elementalist began the quest for the
                  | Orb.
     0 | D:1      | Reached XP level 1. HP: 10/10 MP: 6/6
   129 | D:1      | Found Imiom's Weapon Boutique.
   355 | D:1      | Reached XP level 2. HP: 15/15 MP: 5/8
   598 | D:1      | Reached skill level 4 in Air Magic
   823 | D:1      | Reached XP level 3. HP: 19/19 MP: 6/9
   969 | D:1      | Learned a level 2 spell: Static Discharge
  1130 | D:2      | You fall into a shaft and drop 1 floor!
  1440 | D:3      | Reached skill level 5 in Air Magic
  1440 | D:3      | Reached XP level 4. HP: 22/24 MP: 1/10
  2119 | D:3      | Reached XP level 5. HP: 28/28 MP: 7/11
  2239 | D:3      | Reached skill level 6 in Air Magic
  2532 | D:4      | Identified the staff of fire "Zaurux" {rF+ Will+}
  2628 | D:4      | HP: 1/28 [bullfrog (5)]
  2632 | D:4      | Reached skill level 7 in Air Magic
  2632 | D:4      | Reached XP level 6. HP: 32/32 MP: 3/12
  3056 | D:4      | Found a transporter.
  3074 | D:4      | HP: 1/32 [/static electricity (3)]
  3082 | D:4      | Noticed an orc warrior
  3084 | D:4      | Found an ornate altar of the Wu Jian Council.
  3085 | D:4      | Found a sacrificial altar of Ru.
  3116 | D:4      | Learned a level 3 spell: Swiftness
  3121 | D:4      | Learned a level 4 spell: Airstrike
  3201 | D:4      | Found a bloodstained altar of Trog.
  3210 | D:4      | Found a transporter.
  3478 | D:3      | Found a runed translucent door.
  3479 | D:3      | Noticed Crazy Yiuf
  3588 | D:3      | Reached skill level 8 in Air Magic
  3592 | D:3      | Reached XP level 7. HP: 36/36 MP: 13/13
  4155 | D:3      | Killed Crazy Yiuf
  4337 | D:2      | Identified the +3 leather armour of Death's Door {+Inv
                  | Will- Str+7 Stlth+}
  4379 | D:2      | Found a shimmering blue altar of Sif Muna.
  4559 | D:2      | Identified the +6 short sword of Ikkip {venom, *Slow MP+9
                  | Dex+6 Stlth+}
  4823 | D:5      | Entered Level 5 of the Dungeon
  5132 | D:5      | Found a staircase to the Ecumenical Temple.
  5175 | D:5      | Reached skill level 9 in Air Magic
  5190 | Temple   | Entered the Ecumenical Temple
  5431 | Temple   | Became a worshipper of Vehumet
  5580 | D:5      | Killed from afar by themself

Illustrated notes

Levels and vault maps discovered:
D:1:      dpeg_arrival_simpleton_b, layout_basic, serial_shops, shop,
          chequers_serial_rivers_micro_b
D:2:      layout_loops_ring, basic_altar
D:3:      lemuel_castle_with_subvaults [lemuel_castle_interior_carwin_1],
          layout_basic, minmay_door_square, minmay_strange_pillars,
          uniq_crazy_yiuf_cottage
D:4:      layout_basic, gammafunk_temple_overflow_arena
D:5:      layout_basic, minmay_temple_entry_mini_moons
Temple:   nicolae_temple_slightly_damp_pantheon

Skill      XL: |  1  2  3  4  5  6  7 |
---------------+----------------------+-----
Air Magic      | 4 5 7 8 9 |  9.1
Dodging        | 3 |  3.0
Fighting       | |  0.9
Stealth        | |  2.4
Spellcasting   | |  3.0
Conjurations   | |  1.1

Action                     |  1- 3 |  4- 6 |  7- 9 || total
---------------------------+-------+-------+-------++-------
  Melee: Whip              |     1 |    18 |     1 ||    20
   Cast: Shock             |    83 |   143 |    89 ||   315
         Static Discharge  |     1 |     6 |    18 ||    25
         Swiftness         |       |       |     2 ||     2
         Airstrike         |       |       |     1 ||     1
    Use: Potion            |       |     1 |       ||     1
         Scroll            |       |     3 |       ||     3
 Armour: Robe              |     5 |     6 |     4 ||    15
  Dodge: Dodged            |    12 |    19 |    21 ||    52

Table legend: (Time is in decaauts)
 A = Elapsed time spent in this place.
 B = Non-inter-level travel time spent in this place.
 C = Inter-level travel time spent in this place.
 D = Time resting spent in this place.
 E = Time spent auto-exploring this place.
 F = Levels seen in this place.
 G = Mean time per level.
                   A        B        C        D        E       F      G
               +--------+--------+--------+--------+--------+-----+--------+
         Total |   5590 |   5412 |    178 |      0 |   4562 |   6 |  931.7 |
       Dungeon |   5330 |   5179 |    151 |      0 |   4376 |   5 | 1066.0 |
        Temple |    260 |    233 |     27 |      0 |    186 |   1 |  260.0 |
               +--------+--------+--------+--------+--------+-----+--------+

Top non-repeatable levels by time:
     D:3: 2242 daAuts
     D:1: 1003 daAuts
     D:4: 917 daAuts
     D:2: 670 daAuts
     D:5: 496 daAuts
  Temple: 260 daAuts
